 Dungeon Crawl Stone Soup version 0.28-a0-390-gb254ac4902 (webtiles) character file.

Game seed: 8284867458807689389

16 Teletubby the Skirmisher (level 2, -1/16 HPs)
             Began as a Vine Stalker Fighter on Sept 3, 2021.
             Frozen to death by an endoplasm (2 damage)
             ... on level 1 of the Dungeon.
             The game lasted 00:07:02 (222 turns).

Teletubby the Skirmisher (Vine Stalker Fighter)      Turns: 222, Time: 00:07:02

Health: -1/16      AC:  6    Str: 18    XL:     2   Next: 54%
Magic:  0/3        EV:  9    Int:  8    God:
Gold:   22         SH:  4    Dex: 13    Spells: 1/1 levels left

rFire   . . .      SeeInvis .   d - 2 potions of might
rCold   . . .      Faith    .   c - +0 buckler
rNeg    . . .      Spirit   +   b - +0 scale mail
rPois   .          Reflect  .   (no helmet)
rElec   .          Harm     .   (no cloak)
rCorr   .          Rampage  .   (no gloves)
Will    .....                   (no boots)
Stlth   ..........              (no amulet)
HPRegen 0.05/turn               (no ring)
MPRegen 0.08/turn               (no ring)

@: no status effects
A: fangs 2, magic shield, antimagic bite, no potion heal 2
a: no special abilities


You were on level 1 of the Dungeon.
You visited 1 branch of the dungeon, and saw 1 of its levels.

You collected 22 gold pieces.

Inventory:

Hand Weapons
 a - a +0 trident
 h - a +0 dagger
Armour
 b - a +0 scale mail (worn)
 c - a +0 buckler (worn)
 i - a +0 robe
Scrolls
 f - a scroll of acquirement {unknown}
 g - a scroll of fear {unknown}
Potions
 d - 2 potions of might (in hand)
 e - a potion of berserk rage {unknown}


   Skills:
 + Level 2.9 Fighting
 + Level 2.0 Polearms
 + Level 2.6 Armour
 + Level 2.9 Shields


You had one spell level left.
You didn't know any spells.
Your spell library was empty.

Dungeon Overview and Level Annotations

Branches:
Dungeon (1/15)

Altars:

Shops:
D:1 (


Innate Abilities, Weirdness & Mutations

You have extremely sharp teeth.
When hurt, damage is shared between your health and your magic reserves.
Your bite disrupts and absorbs the magic of your enemies.
Potions cannot restore your health.


Message History

Really attack while wielding your 2 potions of might?
You clumsily bash the kobold but do no damage.
You bite the kobold, but do no damage.
The kobold is severely wounded.
The kobold barely misses you.
You clumsily bash the kobold but do no damage.
The kobold is severely wounded.
The kobold hits you but does no damage. x2
You clumsily bash the kobold but do no damage.
Your bite misses the kobold.
The kobold is severely wounded.
The kobold hits you but does no damage.
You closely miss the kobold.
The kobold is severely wounded.
The kobold barely misses you. The kobold hits you but does no damage.
You clumsily bash the kobold but do no damage.
You bite the kobold.
You kill the kobold!
You clumsily bash the rat but do no damage.
The rat bites you but does no damage. The rat barely misses you.
You closely miss the rat. You bite the rat.
You kill the rat!
The endoplasm freezes you.
You are frozen.
You clumsily bash the endoplasm but do no damage.
The endoplasm closely misses you. The endoplasm freezes you.
You are frozen.
* * * LOW HITPOINT WARNING * * *
You clumsily bash the endoplasm but do no damage.
The endoplasm hits you but does no damage.
You clumsily bash the endoplasm but do no damage.
You bite the endoplasm. You drain its power.
You feel invigorated.
The endoplasm is severely wounded.
The endoplasm freezes you.
You are frozen.
* * * LOW HITPOINT WARNING * * *
The endoplasm freezes you.
You are frozen.
You die...

#....#####
#.......!.
#....#####
#....##
#.....######
#.........∩#
####.#####.###
#.# .... #@#
..... #J#
..... #.#
......
####.###.....
#.......J###
#..........#
#........#....
########## #


You could see an endoplasm.

Vanquished Creatures
  2 ball pythons (D:1)
  A giant cockroach (D:1)
  A goblin (D:1)
  2 hobgoblins (D:1)
  A quokka (D:1)
  A frilled lizard (D:1)
  4 kobolds (D:1)
  3 rats (D:1)
15 creatures vanquished.

Notes
Turn   | Place    | Note
-------+----------+-------------------------------------------
     0 | D:1      | Teletubby the Vine Stalker Fighter began the quest for the
                  | Orb.
     0 | D:1      | Reached XP level 1. HP: 11/11 MP: 2/2
   117 | D:1      | Reached XP level 2. HP: 6/16 MP: 3/3
   172 | D:1      | Found Dezezurr's Antique Weapon Shop.
   222 | D:1      | Frozen to death by an endoplasm

Illustrated notes

Levels and vault maps discovered:
D:1:      psy_arrival_statuary, layout_rooms, serial_shops, shop

Skill      XL: |  1  2 |
---------------+-------+-----
Polearms       | 2 |  2.0
Fighting       | |  2.9
Armour         | |  2.6
Shields        | |  2.9

Action                   || total
-------------------------++-------
Melee: Trident           ||    35
       Bite              ||    11
Armor: Scale mail        ||    26
Dodge: Dodged            ||    22
Block: Buckler           ||     8

Table legend: (Time is in decaauts)
 A = Elapsed time spent in this place.
 B = Non-inter-level travel time spent in this place.
 C = Inter-level travel time spent in this place.
 D = Time resting spent in this place.
 E = Time spent auto-exploring this place.
 F = Levels seen in this place.
 G = Mean time per level.
                   A        B        C        D        E       F      G
               +--------+--------+--------+--------+--------+-----+--------+
         Total |    234 |    135 |     99 |      0 |      0 |   1 |  234.0 |
       Dungeon |    234 |    135 |     99 |      0 |      0 |   1 |  234.0 |
               +--------+--------+--------+--------+--------+-----+--------+

Top non-repeatable levels by time:
     D:1: 234 daAuts
